 Dungeon Crawl Stone Soup version 0.28-a0-983-g1de4e0787c (webtiles) character file.

Game seed: 7254505951248775190

315 ytrimaz the Chopper (level 6, -2/48 HPs)
             Began as a Formicid Fighter on Dec 2, 2021.
             Succumbed to Robin's poison
             ... on level 4 of the Dungeon.
             The game lasted 00:03:03 (2830 turns).

ytrimaz the Chopper (Formicid Fighter)              Turns: 2830, Time: 00:03:04

Health: -2/48      AC:  9    Str: 23    XL:     6   Next: 72%
Magic:  6/6        EV:  9    Int:  7    God:
Gold:   152        SH:  4    Dex: 10    Spells: 5/5 levels left

rFire   . . .      SeeInvis +   a - +0 war axe
rCold   . . .      Faith    .   c - +0 buckler
rNeg    . . .      Spirit   .   b - +0 scale mail
rPois   .          Reflect  .   (helmet unavailable)
rElec   .          Harm     .   (no cloak)
rCorr   .          Rampage  .   e - +0 pair of gloves
Will    .....                   g - +0 pair of boots
Stlth   ..........              (no amulet)
HPRegen 0.16/turn               (no ring)
MPRegen 0.10/turn               (no ring)

@: lethally poisoned (-2 -> -20)
A: permanent stasis, dig shafts and tunnels, antennae 3, four strong arms
a: Dig, Shaft Self


You were on level 4 of the Dungeon.
You visited 1 branch of the dungeon, and saw 4 of its levels.

You collected 152 gold pieces.

Inventory:

Hand Weapons
 a - a +0 war axe (weapon)
Armour
 b - a +0 scale mail (worn)
 c - a +0 buckler (worn)
 e - a +0 pair of gloves (worn)
 g - a +0 pair of boots (worn)
Jewellery
 h - a ring of ice
Scrolls
 d - a scroll of identify


   Skills:
 + Level 4.1 Fighting
 + Level 4.9 Axes
 + Level 4.6 Armour
 + Level 4.4 Shields


You had 5 spell levels left.
You didn't know any spells.
Your spell library was empty.

Dungeon Overview and Level Annotations

Branches:
Dungeon (4/15)
 Temple: D:4-7

Altars:
Makhleb
Trog

Shops:
D:1 [

Annotations:
D:4 Robin


Innate Abilities, Weirdness & Mutations

You cannot be hasted, slowed, berserked, paralysed or teleported.
You can dig through walls and to a lower floor.
You have a pair of large antennae on your head. (SInv)
Your four strong arms can wield two-handed weapons with a shield.


Message History

You slash Robin!
Robin is heavily wounded.
You hit the hobgoblin. You slash the goblin!
You kill the goblin!
You barely miss the hobgoblin. You barely miss the goblin.
You feel sick. The hobgoblin misses you.
The hobgoblin hits you but does no damage.
Robin says, "Duck!"
Robin hits you with a +2 spear of venom.
You are more poisoned.
The goblin shoots a stone.
The stone hits you but does no damage. The goblin hits you with a +0 dagger.
The hobgoblin hits you.
The hobgoblin hits you but does no damage.
You block Robin's attack.
You hit Robin but do no damage.
Robin is heavily wounded.
You barely miss the hobgoblin. You hit the hobgoblin.
You kill the hobgoblin!
You closely miss the goblin.
You feel very sick. The goblin hits you but does no damage.
The hobgoblin hits you.
Robin hits you with a +2 spear of venom.
* * * LOW HITPOINT WARNING * * *
You are more poisoned.
Okay, then.
You slash Robin!
Robin is almost dead.
You barely miss the hobgoblin. You barely miss the goblin.
You closely miss the goblin.
* * * LOW HITPOINT WARNING * * *
You feel extremely sick.
The goblin unwields a +0 hunting sling of freezing.
The goblin wields a +0 club.
The goblin hits you but does no damage. The goblin misses you.
An orc comes into view. It is wielding a +0 club.
The hobgoblin barely misses you. You block Robin's attack.
The goblin hits you with a +0 dagger.
* * * LOW HITPOINT WARNING * * *
It was a potion of cancellation.
You feel magically purged.
You die...

#.....#. #.......
#......# #......
#####..... ######.
##......#.##.......
..#.........)gg......
#.#.#......)g@....#
##...#......)†g....#
###..................#
...........####.....#
###..................#
.....#.##...####.....o.
............###.........
....).....)..........#..
....<#..#........#.


You could see Robin, an orc (wandering), a hobgoblin (strong) and 2 goblins.

Vanquished Creatures
  Sigmund (D:3)
  4 adders (D:2)
  4 gnolls (D:3)
  An adder skeleton (D:4)
  6 orcs (D:3)
  7 endoplasms
  3 giant cockroaches
  12 goblins
  10 hobgoblins
  3 kobolds
  5 quokkas
  9 ball pythons
  4 bats
  2 frilled lizards (D:2)
  4 rats
75 creatures vanquished.

Vanquished Creatures (others)
  2 fungi (D:1)
2 creatures vanquished.

Grand Total: 77 creatures vanquished

Notes
Turn   | Place    | Note
-------+----------+-------------------------------------------
     0 | D:1      | ytrimaz the Formicid Fighter began the quest for the Orb.
     0 | D:1      | Reached XP level 1. HP: 18/18 MP: 1/1
   233 | D:1      | Reached XP level 2. HP: 23/24 MP: 2/2
   598 | D:1      | Found Ostoun's Antique Armour Shop.
   748 | D:1      | Reached XP level 3. HP: 29/29 MP: 3/3
   966 | D:1      | Found a faded altar of an unknown god.
  1208 | D:2      | Found a burning altar of Makhleb.
  1257 | D:2      | Reached XP level 4. HP: 37/37 MP: 4/4
  1804 | D:3      | Reached XP level 5. HP: 30/42 MP: 5/5
  2214 | D:3      | Found a bloodstained altar of Trog.
  2358 | D:3      | Noticed Sigmund
  2376 | D:3      | Killed Sigmund
  2377 | D:3      | Reached XP level 6. HP: 27/48 MP: 6/6
  2819 | D:4      | Noticed Robin
  2829 | D:4      | HP: 2/48 [goblin[Robin] (1)]
  2830 | D:4      | Succumbed to Robin's poison

Illustrated notes

Levels and vault maps discovered:
D:1:      lemuel_arrival_river_passageway, layout_basic, serial_shops,
          nicolae_shop_window_shopping, shapermc_ecumenical_altar_hornbeckon,
          st_stairs_13, minmay_parallelograms
D:2:      layout_rooms, basic_altar
D:3:      layout_loops_ring, trog_butcher_becter, uniq_sigmund
D:4:      layout_rooms, gammafunk_ghost_split, hangedman_feature_mirror,
          uniq_robin

Skill      XL: |  1  2  3  4  5 |
---------------+----------------+-----
Shields        | 4 |  4.4
Axes           | 3 4 |  4.9
Armour         | 4 |  4.6
Fighting       | 4 |  4.1

Action                   |  1- 3 |  4- 6 || total
-------------------------+-------+-------++-------
Melee: War axe           |    59 |   123 ||   182
  Use: Scroll            |     2 |     1 ||     3
       Potion            |       |     3 ||     3
Armor: Scale mail        |    29 |    73 ||   102
Dodge: Dodged            |    31 |    66 ||    97
Block: Buckler           |    13 |    43 ||    56

Table legend: (Time is in decaauts)
 A = Elapsed time spent in this place.
 B = Non-inter-level travel time spent in this place.
 C = Inter-level travel time spent in this place.
 D = Time resting spent in this place.
 E = Time spent auto-exploring this place.
 F = Levels seen in this place.
 G = Mean time per level.
                   A        B        C        D        E       F      G
               +--------+--------+--------+--------+--------+-----+--------+
         Total |   2909 |   2842 |     67 |      0 |   2298 |   4 |  727.2 |
       Dungeon |   2909 |   2842 |     67 |      0 |   2298 |   4 |  727.2 |
               +--------+--------+--------+--------+--------+-----+--------+

Top non-repeatable levels by time:
     D:1: 1130 daAuts
     D:3: 1042 daAuts
     D:2: 702 daAuts
     D:4: 34 daAuts
